 Dungeon Crawl Stone Soup version 0.19.5 (webtiles) character file.

115 tof the Skirmisher (level 4, -2/35 HPs)
             Began as a Demonspawn Fighter on Mar 2, 2017.
             Killed by nerve-wracking pain
             ... invoked by Grinder
              (12 damage)
             ... on level 3 of the Dungeon.
             The game lasted 00:04:50 (2046 turns).

tof the Skirmisher (Demonspawn Fighter)             Turns: 2046, Time: 00:04:50

Health: -2/35      AC:  6    Str: 17    XL:     4   Next: 68%
Magic:  0/4        EV:  7    Int:  9    God:
Gold:   114        SH:  9    Dex: 13    Spells: 0 memorised, 3 levels left

rFire  . . .     SeeInvis .     a - +0 trident
rCold  . . .     Gourm    .     b - +0 scale mail
rNeg   . . .     Faith    .     c - +0 shield
rPois  .         Spirit   +     (helmet restricted)
rElec  .         Reflect  .     (no cloak)
rCorr  .         Harm     +     (no gloves)
MR     .....     Rnd*Tele +     (no boots)
Stlth  ..........               w - amulet of harm
                                (no ring)
                                h - ring of teleportation (curse)

@: no status effects
A: horns 1, magic shield
a: no special abilities


You were on level 3 of the Dungeon.
You were not hungry.

You visited 1 branch of the dungeon, and saw 3 of its levels.

You collected 114 gold pieces.

Inventory:

Hand Weapons
 a - a +0 trident (weapon)
Armour
 b - a +0 scale mail (worn)
 c - a +0 shield (worn)
Jewellery
 h - a cursed ring of teleportation (left hand)
 w - an amulet of harm (around neck)
 y - a +3 ring of protection {unknown}
Scrolls
 e - 2 scrolls of identify {unknown}
 j - 2 scrolls of amnesia {unknown}
 k - 2 scrolls of blinking {unknown}
 m - 2 scrolls of remove curse {unknown}
 p - 2 scrolls of recharging {unknown}
 q - a scroll of fog {unknown}
 r - a scroll of magic mapping {unknown}
 u - a scroll of teleportation {unknown}
Potions
 d - a potion of might
 i - a potion of lignification {unknown}
 o - a potion of agility {unknown}
 s - a potion of heal wounds {unknown}
 x - a potion of haste {unknown}
Comestibles
 f - 2 bread rations
 g - a beef jerky
 l - 2 meat rations
 n - 6 chunks of flesh
 t - 2 fruits
 v - 2 slices of pizza


   Skills:
 * Level 3.4 Fighting
 * Level 3.1 Polearms
 + Level 3.4 Armour
 - Level 0.1 Dodging
 + Level 3.2 Shields


You had 3 spell levels left.
You didn't know any spells.

Dungeon Overview and Level Annotations

Branches:
Dungeon (3/15)

Altars:
Kikubaaqudgha

Annotations:
D:3 Grinder


Innate Abilities, Weirdness & Mutations

You have a pair of small horns on your head.
When hurt, damage is shared between your health and your magic reserves.


Message History

Grinder says, "Just stop there for a second..."
You closely miss Grinder. Your headbutt misses Grinder.
Grinder is lightly wounded.
You block Grinder's attack. Grinder gestures at you.
You suddenly lose the ability to move!
Grinder hits you! Grinder gestures at you.
You shrug off the repeated paralysis!
Grinder hits you!
You writhe in agony.
Grinder gestures at you. Pain shoots through your body! Grinder hits you.
You writhe in agony.
* * * LOW HITPOINT WARNING * * *
You can move again.
You closely miss Grinder. You headbutt Grinder!
Grinder is moderately wounded.
Grinder gestures at you. Pain shoots through your body!
You die...

#.####.....#
#..........#
#######....#
##'##########
#....).....#
#..........#
+..........#
#..........#
#...@......#
#..5.......#
#..........#
#...?......#
############


You could see Grinder.

Vanquished Creatures
  6 adders
  2 worms (D:3)
  2 dart slugs (D:1)
  3 leopard geckos
  2 giant cockroaches
  7 goblins
  7 hobgoblins
  2 jackals (D:1)
  6 kobolds
  A quokka (D:3)
  7 bats
  A frilled lizard (D:2)
  7 rats
53 creatures vanquished.

Notes
Turn   | Place    | Note
-------+----------+-------------------------------------------
     0 | D:1      | tof the Demonspawn Fighter began the quest for the Orb.
     0 | D:1      | Reached XP level 1. HP: 18/18 MP: 1/1
   175 | D:1      | Gained mutation: You have a pair of small horns on your head. [demonic ancestry]
   175 | D:1      | Reached XP level 2. HP: 14/24 MP: 2/2
   796 | D:2      | Reached XP level 3. HP: 29/29 MP: 3/3
  1262 | D:2      | Found an ancient bone altar of Kikubaaqudgha.
  1270 | D:2      | Gained mutation: When hurt, damage is shared between your health and your magic reserves. [demonic ancestry]
  1270 | D:2      | Reached XP level 4. HP: 35/35 MP: 4/4
  2017 | D:3      | Noticed Grinder
  2021 | D:3      | Paralysed by Grinder for 4 turns
  2040 | D:3      | Paralysed by Grinder for 6 turns
  2046 | D:3      | Killed from afar by Grinder

Skill      XL: |  1  2  3  4 |
---------------+-------------+-----
Polearms       | 2 3 |  3.1
Armour         | 3 |  3.4
Shields        | 3 |  3.2
Fighting       | |  3.4
Dodging        | |  0.1

Action                   |  1- 3 |  4- 6 || total
-------------------------+-------+-------++-------
Melee: Trident           |    94 |    58 ||   152
       Headbutt          |     7 |    11 ||    18
  Eat: Chunk             |     1 |     3 ||     4
Armor: Scale mail        |    26 |    12 ||    38
Dodge: Dodged            |    25 |     9 ||    34
Block: Shield            |    32 |    17 ||    49
